 Dungeon Crawl Stone Soup version 0.27.1-34-g3ba077fa99 (webtiles) character file.

Game seed: 12959829370235374137

627 Delamore the Covert (level 7, 0/45 HPs)
             Began as an Octopode Brigand on Feb 7, 2022.
             Slain by a bullfrog zombie (4 damage)
             ... in an ossuary.
             The game lasted 00:05:31 (4752 turns).

Delamore the Covert (Octopode Brigand)              Turns: 4752, Time: 00:05:31

Health: 0/45       AC:  1    Str: 10    XL:     7   Next: 48%
Magic:  7/7        EV: 12    Int: 14    God:
Gold:   106        SH:  0    Dex: 15    Spells: 6/6 levels left

rFire    . . .     SeeInvis .   i - +2 short sword (venom)
rCold    . . .     Faith    .   (no shield)
rNeg     . . .     Spirit   .   (helmet restricted)
rPois    .         Reflect  .   (no amulet)
rElec    .         Harm     .   l - ring of flight
rCorr    .         Rampage  .   (no ring)
Will     .....                  (no ring)
Stlth    ++++++....             (no ring)
HPRegen  0.15/turn              (no ring)
MPRegen  0.10/turn              (no ring)
                                (no ring)
                                (no ring)

@: flying
A: almost no armour, amphibious, 8 rings, camouflage 1, gelatinous body 1,
nimble swimmer 1, tentacles
a: no special abilities


You were in an ossuary.
You visited 2 branches of the dungeon, and saw 6 of its levels.
You also visited: Ossuary.

You collected 172 gold pieces.
You spent 66 gold pieces at shops.

Inventory:

Hand Weapons
 a - a +2 dagger
 i - a +2 short sword of venom (weapon)
Missiles
 b - 51 poisoned darts (quivered)
 o - 2 curare-tipped darts
Armour
 n - a +0 kite shield
Jewellery
 l - a ring of flight (left tentacle)
Wands
 c - a wand of polymorph (7)
Scrolls
 d - a scroll of blinking {unknown}
 e - a scroll of magic mapping
 f - a scroll of immolation
 g - a scroll of amnesia
 h - 3 scrolls of teleportation
 p - a scroll of silence {unknown}
 q - a scroll of acquirement {unknown}
 r - a scroll of enchant armour {unknown}
Potions
 k - a potion of degeneration


   Skills:
 - Level 2.0 Fighting
 + Level 5.5 Short Blades
 - Level 2.0 Throwing
 - Level 1.0 Dodging
 - Level 10.0 Stealth


You had 6 spell levels left.
You didn't know any spells.
Your spell library contained the following spells:

 Spells                   Type           Power      Damage    Failure   Level
 Animate Skeleton         Necr           0%         N/A       28%         1
 Apportation              Tloc           0%         N/A       28%         1
 Corona                   Hex            0%         N/A       28%         1
 Summon Small Mammal      Summ           0%         N/A       28%         1
 Blink                    Tloc           N/A        N/A       41%         2
 Slow                     Hex            0%         N/A       41%         2
 Confusing Touch          Hex            0%         N/A       65%         3
 Vampiric Draining        Necr           0%         2d6       65%         3
 Manifold Assault         Tloc           0%         N/A       100%        5
 Storm Form               Tmut/Air       0%         N/A       100%        7


Dungeon Overview and Level Annotations

Branches:
Dungeon (5/15)             Temple (1/1) D:4         Ossuary (1/1)

Altars:
Dithmenos
Elyvilon
Hepliaklqana
Kikubaaqudgha
Makhleb
Ru
Sif Muna
Uskayaw
Vehumet
Xom
Yredelemnul
The Shining One

Shops:
D:3 !


Innate Abilities, Weirdness & Mutations

You cannot wear most types of armour.
You are amphibious.
You can wear up to eight rings at the same time.
Your skin changes colour to match your surroundings (Stealth+).
Your rubbery body absorbs attacks. (AC +1, EV +1)
You are camouflaged near water. (Stealth+)
You have tentacles for arms and can constrict up to eight enemies at once.


Message History

A bullfrog zombie comes into view.
A bullfrog zombie is nearby!
The bullfrog zombie hits you. The bullfrog zombie misses you.
You barely miss the bullfrog zombie. You grab the bullfrog zombie.
You squeeze the bullfrog zombie!
The bullfrog zombie is moderately damaged.
You constrict the bullfrog zombie. The bullfrog zombie hits you.
You hit the bullfrog zombie.
The bullfrog zombie is heavily damaged.
You constrict the bullfrog zombie. The bullfrog zombie hits you.
* * * LOW HITPOINT WARNING * * *
You barely miss the bullfrog zombie. You squeeze the bullfrog zombie.
The bullfrog zombie is severely damaged.
You constrict the bullfrog zombie. The bullfrog zombie barely misses you.
The bullfrog zombie hits you.
* * * LOW HITPOINT WARNING * * *
You barely miss the bullfrog zombie.
The bullfrog zombie is severely damaged.
You constrict the bullfrog zombie. The bullfrog zombie hits you!
* * * LOW HITPOINT WARNING * * *
You hit the bullfrog zombie.
The bullfrog zombie is almost destroyed.
You constrict the bullfrog zombie.
You destroy the bullfrog zombie!
You start resting.
A bullfrog zombie is nearby!
Okay, then.
Okay, then.
Okay, then.
You start resting.
A bullfrog zombie is nearby!
You barely miss the bullfrog zombie. You grab the bullfrog zombie.
You squeeze the bullfrog zombie.
The bullfrog zombie is lightly damaged.
You constrict the bullfrog zombie. The bullfrog zombie barely misses you.
You barely miss the bullfrog zombie.
The bullfrog zombie is lightly damaged.
You constrict the bullfrog zombie. The bullfrog zombie hits you.
You die...

###############
#Z≈##≈##≈≈≈≈#≈##
#@≈≈≈≈≈##≈≈#≈≈≈###
###≈##≈≈≈≈≈#≈≈##≈#
##≈#≈≈#≈≈≈#≈≈#≈≈≈#
##≈M###≈≈≈≈Z≈≈≈≈#≈#
#.≈.#.≈.≈.#Z≈.≈##≈#
#≈≈.≈≈≈.#'#'#'##Z≈#
'≈≈≈.≈≈.≈.≈≈≈≈≈.Z≈#
##≈#####≈#####.≈####
'≈#...#.# #≈≈.≈


You could see a bullfrog zombie.

Vanquished Creatures
  Blork the orc (D:4)
  A wyvern zombie (Ossuary)
  A scorpion (D:4)
  A centaur zombie (Ossuary)
  3 bullfrog zombies (Ossuary)
  4 mummies (Ossuary)
  Jessica (D:2)
  An orc wizard (D:3)
  2 killer bee zombies (Ossuary)
  5 adders
  2 worms (D:2)
  3 dart slugs
  3 orcs
  9 endoplasms
  8 goblins
  5 hobgoblins
  2 jackals (D:3)
  5 kobolds
  7 quokkas
  7 ball pythons
  2 bats
  4 frilled lizards
  A rat (D:1)
78 creatures vanquished.

Vanquished Creatures (others)
  12 withered plants (Ossuary)
12 creatures vanquished.

Grand Total: 90 creatures vanquished

Notes
Turn   | Place    | Note
-------+----------+-------------------------------------------
     0 | D:1      | Delamore the Octopode Brigand began the quest for the Orb.
     0 | D:1      | Reached XP level 1. HP: 14/14 MP: 1/1
   265 | D:1      | Reached XP level 2. HP: 8/19 MP: 2/2
   544 | D:1      | Reached skill level 6 in Stealth
   690 | D:1      | Found a faded altar of an unknown god.
  1266 | D:2      | Reached XP level 3. HP: 24/24 MP: 3/3
  1482 | D:2      | Reached XP level 4. HP: 29/29 MP: 4/4
  1587 | D:2      | Noticed Jessica
  1594 | D:2      | Killed Jessica
  1595 | D:2      | Reached skill level 7 in Stealth
  1862 | D:3      | Found Redes's Distillery.
  1905 | D:3      | Bought a potion of degeneration for 11 gold pieces
  1905 | D:3      | Bought a potion of heal wounds for 55 gold pieces
  1934 | D:3      | Found a basalt altar of Yredelemnul.
  2400 | D:3      | Reached XP level 5. HP: 14/34 MP: 5/5
  3040 | D:4      | Found a hazy altar of Hepliaklqana.
  3093 | D:4      | Found a staircase to the Ecumenical Temple.
  3102 | D:4      | Noticed Blork the orc
  3116 | D:4      | Killed Blork the orc
  3117 | D:4      | Reached skill level 8 in Stealth
  3151 | Temple   | Entered the Ecumenical Temple
  3551 | D:4      | Reached XP level 6. HP: 30/39 MP: 6/6
  3629 | D:4      | Reached skill level 9 in Stealth
  3703 | D:4      | Found a white marble altar of Elyvilon.
  4063 | D:5      | Entered Level 5 of the Dungeon
  4099 | D:5      | Noticed a small abomination
  4150 | D:5      | Found a sand-covered staircase.
  4158 | Ossuary  | Entered an ossuary
  4185 | Ossuary  | HP: 1/39 [wyvern zombie (13)]
  4195 | Ossuary  | Reached XP level 7. HP: 21/45 MP: 7/7
  4270 | Ossuary  | HP: 1/45 [killer bee zombie (6)]
  4306 | Ossuary  | Reached skill level 10 in Stealth
  4625 | Ossuary  | Reached skill level 5 in Short Blades
  4734 | Ossuary  | HP: 1/45 [bullfrog zombie (7)]
  4752 | Ossuary  | Slain by a bullfrog zombie

Illustrated notes

Levels and vault maps discovered:
D:1:      amcnicky_arrival_flooded_fountain, layout_loops_ring,
          hellmonk_ecumenical_altar_blasted, minmay_tetromino_o2
D:2:      layout_loops_cross, minmay_split_cup_small, uniq_jessica
D:3:      layout_basic, mainiacjoe_overflow_brackets, serial_shops, shop
D:4:      minmay_wonky_spiral, layout_basic, kennysheep_mini_moat,
          elyvilon_altar_3, minmay_temple_entry_glassed_door, uniq_blork_the_orc
D:5:      minmay_thinvault, layout_cave_pods,
          mainiacjoe_overflow_surrounded_room, gammafunk_ghost_abyssal_escape,
          chequers_ossuary_entry_cave, minmay_fountain_box, uniq_prince_ribbit1
Temple:   nicolae_temple_figure_zero
Ossuary:  ossuary_zaba_flooded

Skill      XL: |  1  2  3  4  5  6  7 |
---------------+----------------------+-----
Stealth        | 6 7 8 9 10 | 10.0
Short Blades   | 3 4 5 |  5.5
Fighting       | |  2.0
Throwing       | |  2.0
Dodging        | |  1.0

Action                   |  1- 3 |  4- 6 |  7- 9 || total
-------------------------+-------+-------+-------++-------
Melee: Dagger            |    52 |       |       ||    52
       Constrict         |    15 |    10 |     7 ||    32
       Tentacles         |     8 |     9 |    10 ||    27
       Short sword       |    10 |    64 |    46 ||   120
Throw: Dart              |     3 |    10 |       ||    13
  Use: Scroll            |     4 |     1 |       ||     5
       Potion            |       |     2 |     3 ||     5
 Stab: Sleeping          |    11 |    16 |       ||    27
Armor: Skin              |     1 |     4 |     8 ||    13
Dodge: Dodged            |    23 |    22 |    32 ||    77
